 Dungeon Crawl Stone Soup version 0.26-a0-958-gf3041fb45f (console) character file.

Game seed: 17546952845270360377

7247 Morrissey the Spear-Bearer (level 10, -3/91 HPs)
             Began as a Minotaur Fighter on Nov 30, 2020.
             Was an Elder of Okawaru.
             Slain by a boulder beetle (31 damage)
             ... on level 10 of the Dungeon.
             The game lasted 00:14:42 (8580 turns).

Morrissey the Spear-Bearer (Minotaur Fighter)       Turns: 8580, Time: 00:14:42

Health: -3/91      AC: 24    Str: 26    XL:     10   Next: 88%
Magic:  11/11      EV:  6    Int:  7    God:    Okawaru [****..]
Gold:   400        SH: 12    Dex: 11    Spells: 9/9 levels left

rFire    . . .     SeeInvis .   a - +1 trident (protect)
rCold    . . .     Faith    .   c - +0 kite shield
rNeg     . . .     Spirit   .   l - +0 plate armour
rPois    .         Reflect  .   L - +2 hat
rElec    .         Harm     .   E - +0 cloak of the Gate {Str+3 Int+2} (curse)
rCorr    .         Rampage  .   (no gloves)
MR       .....                  C - +1 pair of boots
Stlth    ..........             (no amulet)
HPRegen  0.25/turn              m - +4 ring of slaying
MPRegen  0.12/turn              k - +4 ring of protection

@: no status effects
A: retaliatory headbutt, horns 2
a: Heroism, Renounce Religion


You were on level 10 of the Dungeon.
You worshipped Okawaru.
Okawaru was greatly pleased with you.
You visited 2 branches of the dungeon, and saw 11 of its levels.

You collected 618 gold pieces.
You spent 218 gold pieces at shops.

Inventory:

Hand Weapons
 a - a +1 trident of protection (weapon)
 G - a +0 trident
Armour
 c - a +0 kite shield (worn)
 e - a scarf of shadows
 l - a +0 plate armour (worn)
 C - a +1 pair of boots (worn)
 E - the cursed +0 cloak of the Gate (worn) {Str+3 Int+2}
   (You bought it in a shop on level 6 of the Dungeon)

   It affects your strength (+3).
   It affects your intelligence (+2).
   It has a curse placed upon it.
 L - a +2 hat (worn)
Jewellery
 k - a +4 ring of protection (right hand)
 m - a +4 ring of slaying (left hand)
 o - an uncursed ring of magical power {unknown}
 p - an uncursed ring of protection from fire {unknown}
 v - a cursed -4 ring of intelligence {unknown}
 x - a +4 ring of evasion {unknown}
 N - a +4 ring of protection
 O - an uncursed ring of positive energy {unknown}
Wands
 D - a wand of disintegration (11)
 H - a wand of digging (4)
 I - a wand of flame (65)
 M - a wand of acid (7)
Scrolls
 g - a scroll of blinking
 h - 5 scrolls of amnesia
 n - 8 scrolls of remove curse
 r - 4 scrolls of magic mapping
 s - 6 scrolls of teleportation
 y - 2 scrolls of fog {unknown}
 z - a scroll of random uselessness {unknown}
 A - 2 scrolls of fear {unknown}
 F - a scroll of noise {unknown}
 J - a scroll of enchant armour {unknown}
 K - a scroll of immolation {unknown}
 P - a scroll of enchant weapon {unknown}
Potions
 b - a potion of resistance
 d - 3 potions of might
 f - 2 potions of invisibility
 i - a potion of flight
 j - 2 potions of mutation
 q - 2 potions of heal wounds {unknown}
 t - 2 potions of curing
 u - 3 potions of haste
 w - a potion of ambrosia
 B - a potion of cancellation


   Skills:
 + Level 9.6 Fighting
 * Level 12.3 Polearms
 + Level 9.5 Armour
 + Level 9.5 Shields
 + Level 3.1 Invocations


You had 9 spell levels left.
You didn't know any spells.
Your spell library contained the following spells:

 Spells                   Type           Power        Failure   Level
 Summon Small Mammal      Summ           #...         100%        1
 Call Imp                 Summ           #.......     100%        2
 Call Canine Familiar     Summ           #.......     100%        3
 Summon Guardian Golem    Hex/Summ       #.......     100%        3
 Summon Ice Beast         Ice/Summ       #.......     100%        4
 Summon Lightning Spire   Summ/Air       #.......     100%        4


Dungeon Overview and Level Annotations

Branches:
Dungeon (10/15)            Temple (1/1) D:4
   Lair: D:8-11         Orc: D:9-12

Altars:
Ashenzari
Cheibriados
Dithmenos
Elyvilon
Fedhas
Gozag
Hepliaklqana
Kikubaaqudgha
Makhleb
Nemelex Xobeh
Okawaru
Qazlal
Ru
Sif Muna
Trog
Uskayaw
Vehumet
Wu Jian
Xom
Yredelemnul
Zin
The Shining One

Shops:
D:4 *   D:6 [


Innate Abilities, Weirdness & Mutations

You reflexively headbutt those who attack you in melee.
You have a pair of horns on your head.


Message History

You completely miss the troll.
You block the troll's attack. x2; The troll claws you.
The boulder beetle curls into a ball and begins rolling!
Your plate armour prevents you from hitting the troll.
You impale the troll!! Your headbutt misses the troll.
The troll is heavily wounded.
The troll bites you but does no damage. You block the troll's attack.
The troll claws you!
* * * LOW HITPOINT WARNING * * *
You impale the troll!! You headbutt the troll.
You kill the troll!
Okawaru accepts your kill.
Your shield and plate armour prevent you from hitting the yak.
You headbutt the yak.
The yak is lightly wounded.
The yak gores you!
* * * LOW HITPOINT WARNING * * *
You enter the shallow water.
Moving in this stuff is going to be slow.
You see here a +0 short sword.
The boulder beetle hits you!!
You die...

.........#.......
.........#.......
..................#.......
.................#####'##
≈≈#......................
####≈......######.##'##'#..
...#≈......#....#.#.....#.. ..
#..#≈......#....'.#.....+..
○..###..#≈......#....#.#.....#(.
...°°°..#≈..°○Y)######.#.....#..
.....Boo#≈.o.)B@(......#.....#..
#####○#≈o#####..(....#.....#..
#.....o°.# #...(...#.....#..
#......≈.# #.....(.####+##..
#+#####≈.# #................
#≈.# #................ #≈..
...############... #≈.......#
...(#### #≈....... #......#
#≈...... #......# #......#


You could see a boulder beetle, a yak and 2 orcs.

Vanquished Creatures
  Harold (D:9)
  A manticore (D:9)
  A troll (D:10)
  4 yaks (D:9)
  4 hogs (D:8)
  A wyvern (D:8)
  A human (D:8)
  A vampire mosquito (D:10)
  A hornet zombie (D:9)
  An ice beast (D:6)
  An orc warrior (D:6)
  2 black bears
  A necrophage (D:7)
  A sky beast (D:7)
  4 eyes of draining
  A phantom (D:9)
  5 ogres
  6 centaurs
  3 bullfrogs
  3 gnoll sergeants
  A water moccasin skeleton (D:9)
  6 scorpions
  2 electric eels (D:6)
  2 howler monkeys
  2 bullfrog zombies
  An iron imp (D:5)
  2 orc priests
  10 hounds
  2 jellies (D:5)
  2 gnoll shamans (D:6)
  5 orc wizards
  A bullfrog skeleton (D:5)
  A centaur skeleton (D:8)
  2 iguanas
  5 worker ants
  A killer bee zombie (D:6)
  A hound skeleton (D:4)
  15 adders
  35 gnolls
  2 howler monkey skeletons
  2 white imps (D:10)
  3 oozes
  An adder zombie (D:6)
  An adder skeleton (D:4)
  3 worms (D:2)
  2 dart slugs
  5 leopard geckos
  18 orcs
  2 ball pythons
  6 giant cockroaches
  3 goblins
  7 hobgoblins
  19 jackals
  6 quokkas
  6 bats
  10 frilled lizards
  7 kobolds
  A leopard gecko zombie (D:5)
  A quokka skeleton (D:4)
  A quokka zombie (D:9)
  13 rats
258 creatures vanquished.

Notes
Turn   | Place    | Note
-------+----------+-------------------------------------------
     0 | D:1      | Morrissey the Minotaur Fighter began the quest for the Orb.
     0 | D:1      | Reached XP level 1. HP: 19/19 MP: 0/0
   165 | D:1      | Reached XP level 2. HP: 27/27 MP: 1/1
   270 | D:1      | Reached skill level 3 in Polearms
   804 | D:2      | Reached XP level 3. HP: 33/33 MP: 2/2
  1078 | D:2      | Found a sparkling altar of Nemelex Xobeh.
  1310 | D:2      | Reached XP level 4. HP: 40/40 MP: 3/3
  1717 | D:2      | Found an ornate altar of the Wu Jian Council.
  1761 | D:3      | Reached skill level 4 in Polearms
  1938 | D:3      | Reached XP level 5. HP: 36/47 MP: 4/4
  2134 | D:3      | Noticed an eye of draining
  2135 | D:3      | Found a bloodstained altar of Trog.
  2135 | D:3      | Noticed an eye of draining
  2135 | D:3      | Noticed an eye of draining
  2152 | D:3      | Killed an eye of draining
  2153 | D:3      | Reached skill level 5 in Polearms
  2155 | D:3      | Killed an eye of draining
  2156 | D:3      | Reached skill level 5 in Fighting
  2156 | D:3      | Reached skill level 5 in Armour
  2156 | D:3      | Reached skill level 5 in Shields
  2156 | D:3      | Reached XP level 6. HP: 56/56 MP: 0/5
  2605 | D:4      | Reached skill level 6 in Polearms
  2605 | D:4      | Reached XP level 7. HP: 59/61 MP: 6/6
  2675 | D:4      | Found a blossoming altar of Fedhas.
  2727 | D:4      | Found a broken altar of Ashenzari.
  2863 | D:4      | Found a glowing golden altar of the Shining One.
  2927 | D:4      | Reached skill level 7 in Polearms
  2943 | D:4      | Found Heaxik's Lightly-Used Armoury.
  3117 | D:4      | Found a staircase to the Ecumenical Temple.
  3138 | Temple   | Entered the Ecumenical Temple
  3781 | D:5      | Entered Level 5 of the Dungeon
  3784 | D:5      | Found a snail-covered altar of Cheibriados.
  3883 | D:5      | Reached XP level 8. HP: 70/70 MP: 7/7
  4523 | D:6      | Reached skill level 8 in Polearms
  4699 | D:6      | Found a shimmering blue altar of Sif Muna.
  4738 | D:6      | Found Yfausem's Antique Armour Shop.
  4872 | D:6      | Bought a steaming cloak for 218 gold pieces
  4882 | D:6      | Identified the cursed +0 cloak of the Gate {Str+3 Int+2}
                  | (You bought it in a shop on level 6 of the Dungeon)
  5163 | D:6      | Reached skill level 9 in Polearms
  5458 | D:6      | Found a stormy altar of Qazlal.
  5475 | D:6      | Reached XP level 9. HP: 76/79 MP: 8/8
  5603 | D:6      | Found an opulent altar of Gozag.
  5603 | D:6      | Found a glowing silver altar of Zin.
  5627 | D:6      | Found an iron altar of Okawaru.
  5633 | D:6      | Became a worshipper of Warmaster Okawaru
  6502 | D:7      | Reached skill level 10 in Polearms
  6547 | D:7      | Reached * piety under Okawaru
  7121 | D:8      | Reached ** piety under Okawaru
  7124 | D:8      | Reached skill level 11 in Polearms
  7124 | D:8      | Reached XP level 10. HP: 88/90 MP: 9/9
  7400 | D:8      | Found a shadowy altar of Dithmenos.
  7600 | D:9      | Reached skill level 1 in Invocations
  7620 | D:9      | Noticed Harold
  7633 | D:9      | Killed Harold
  7633 | D:9      | Reached *** piety under Okawaru
  7961 | D:9      | Noticed a manticore
  7972 | D:9      | Killed a manticore
  7972 | D:9      | Reached **** piety under Okawaru
  7973 | D:9      | Reached skill level 12 in Polearms
  8343 | D:10     | Entered Level 10 of the Dungeon
  8536 | D:10     | Noticed a boulder beetle
  8580 | D:10     | Slain by a boulder beetle

Illustrated notes

Levels and vault maps discovered:
D:1:      minmay_arrival_pointy, layout_basic
D:2:      layout_basic, marbit_many_paths, nemelex_xobeh_ov_fountains_minmay
D:3:      layout_basic, trog_eyes_of_draining, minmay_circle_x
D:4:      layout_basic, old_standard_altar, fedhas_altar_fruit_tree,
          temple_statues, interstate_on_off, minmay_shop_damaged, st_stairs_11,
          nicolae_ashenzari_panopticon
D:5:      layout_loops_ring, slow_altar_1
D:6:      layout_cave_pools, grunt_temple_overflow_gold_and_silver,
          old_standard_altar, general_overflow_altar, serial_gnoll_camp,
          gnoll_camp_huts_moat, gnoll_camp_mini_hut, gnoll_camp_mini_hut,
          gnoll_camp_mini_hut, serial_shops, shop, nrook_campfire,
          okawaru_ov_weapons_minmay
D:7:      layout_basic, hangedman_decor_push
D:8:      layout_loops_ring, kennysheep_mini, grunt_ogre_cave, grunt_livestock
D:9:      layout_loops_cross, uniq_harold
D:10:     cheibrodos_ideogram_h, layout_irregular_city, roderic_serpentine_path
Temple:   chequers_temple_sunken

Skill      XL: |  1  2  3  4  5  6  7  8  9 10 |
---------------+-------------------------------+-----
Polearms       | 3 4 5 6 7 9 11 12 | 12.3
Fighting       | 4 5 6 7 8 9 |  9.6
Shields        | 4 5 6 7 8 9 |  9.5
Armour         | 4 5 6 7 8 9 |  9.5
Invocations    | 3 |  3.1

Action                   |  1- 3 |  4- 6 |  7- 9 | 10-12 || total
-------------------------+-------+-------+-------+-------++-------
Melee: Trident           |   107 |   114 |   403 |   176 ||   800
       Headbutt          |    10 |    23 |    73 |    35 ||   141
  Use: Scroll            |       |       |    13 |       ||    13
 Stab: Distracted        |       |     1 |       |       ||     1
Armor: Scale mail        |    30 |       |       |       ||    30
       Chain mail        |    25 |    27 |     7 |       ||    59
       Plate armour      |       |       |   152 |    64 ||   216
Dodge: Dodged            |    24 |    12 |    47 |    13 ||    96
Block: Kite shield       |    51 |    30 |   159 |    57 ||   297

Table legend: (Time is in decaauts)
 A = Elapsed time spent in this place.
 B = Non-inter-level travel time spent in this place.
 C = Inter-level travel time spent in this place.
 D = Time resting spent in this place.
 E = Time spent auto-exploring this place.
 F = Levels seen in this place.
 G = Mean time per level.
                   A        B        C        D        E       F      G
               +--------+--------+--------+--------+--------+-----+--------+
         Total |   8591 |   8324 |    267 |    883 |   5727 |  11 |  781.0 |
       Dungeon |   8359 |   8125 |    234 |    883 |   5528 |  10 |  835.9 |
        Temple |    232 |    200 |     32 |      0 |    199 |   1 |  232.0 |
               +--------+--------+--------+--------+--------+-----+--------+

Top non-repeatable levels by time:
     D:6: 1694 daAuts
     D:4: 1004 daAuts
     D:2: 986 daAuts
     D:5: 881 daAuts
     D:3: 866 daAuts
     D:1: 781 daAuts
     D:9: 731 daAuts
     D:8: 714 daAuts
     D:7: 473 daAuts
  Temple: 232 daAuts
    D:10: 224 daAuts
